 Dungeon Crawl Stone Soup version 0.23-a0-269-g65e0026 (webtiles) character file.

766 Amnesiac the Geomancer (level 7, -2/50 HPs)
             Began as a Ghoul Earth Elementalist on Sept 30, 2018.
             Slain by a bullfrog skeleton (3 damage)
             ... on level 7 of the Dungeon.
             The game lasted 00:08:26 (2999 turns).

Amnesiac the Geomancer (Ghoul Earth Elementalist)   Turns: 2999, Time: 00:08:26

Health: -2/50      AC:  3    Str: 11 (12) XL:     7   Next: 82%
Magic:  12/12      EV: 12    Int: 10 (12) God:
Gold:   153        SH:  0    Dex:  8 (9)  Spells: 4/14 levels left

rFire    . . .     SeeInvis .   k - +3 hand axe (elec)
rCold    + . .     Gourm    .   (no shield)
rNeg     + + +     Faith    .   c - +0 robe
rPois    ∞         Spirit   .   m - +0 helmet
rElec    .         Reflect  .   (no cloak)
rCorr    .         Harm     .   (no gloves)
MR       .....                  (no boots)
Stlth    ++........             (no amulet)
HPRegen  0.00/turn              (no ring)
MPRegen  0.13/turn              (no ring)

@: very slightly contaminated, rotting
A: rotting body, claws 1, carnivore, cold resistance 1, negative energy
resistance 3, inhibited regeneration, torment resistance, unbreathing
a: no special abilities


You were on level 7 of the Dungeon.
You were not hungry.

You visited 1 branch of the dungeon, and saw 7 of its levels.

You collected 153 gold pieces.

Inventory:

Hand Weapons
 e - a +0 dagger
 k - a +3 hand axe of electrocution (weapon)
Armour
 c - a +0 robe (worn)
 g - a +0 shield
 m - a +0 helmet (worn)
 t - a scarf of spirit shield
Jewellery
 v - a cursed ring of teleportation {unknown}
Wands
 w - a wand of random effects (17)
 x - a wand of paralysis (8)
 y - a wand of flame (20)
 z - a wand of digging (8)
Scrolls
 a - a scroll of amnesia {!r, unknown}
 f - a scroll of immolation {!r, unknown}
 h - 2 scrolls of teleportation {!r, unknown}
 i - a scroll of identify {!r}
 u - a scroll of remove curse {!r}
Potions
 b - a potion of mutation {!q}
 n - a potion of heal wounds {!q, unknown}
 q - a potion of resistance {!q}
Comestibles
 d - 6 rations
 p - a chunk of flesh


   Skills:
 - Level 1.7 Dodging
 - Level 2.1 Stealth
 + Level 4.3 Spellcasting
 - Level 0.8 Transmutations
 * Level 8.2 Earth Magic


You had 4 spell levels left.
You knew the following spells:

 Your Spells              Type           Power        Failure   Level  Hunger
a - Sandblast             Erth           ###...       1%          1    #......
b - Passwall              Tmut/Erth      ##......     6%          2    ##.....
c - Stone Arrow           Conj/Erth      ##....       14%         3    ###....
e - Petrify               Tmut/Erth      ##......     36%         4    #####..

Your spell library contained the following spells:

 Spells                   Type           Power        Failure   Level  Hunger
 Lee's Rapid Deconstruct  Erth           ###.......   22%         5    ######.


Dungeon Overview and Level Annotations

Branches:
Dungeon (7/15)
 Temple: D:4-7

Altars:
Ashenzari
Dithmenos
Kikubaaqudgha
Makhleb
Wu Jian

Shops:
D:5 [   D:6 }   D:7 }(*

Annotations:
D:4 2 transporters
D:5 3 runed doors, MisterFreud's ghost, novice MiFi


Innate Abilities, Weirdness & Mutations

Your body is rotting away.
You thrive on raw meat.
You are immune to poison.
You have sharp fingernails.
You are carnivorous and can eat meat at any time.
Your flesh is cold resistant. (rC+)
You are immune to negative energy. (rN+++)
You do not regenerate when monsters are visible.
You are immune to unholy pain and torment.
You can survive without breathing.


Message History

Confirm with . or Enter, or press ? or * to list all spells.
Aiming: Sandblast (safe; 1% risk of failure)
Press: ? - help, Shift-Dir - straight line, f/p - centaur
Aim: a centaur (moderately wounded)
You don't have any stones to cast with.
Unknown command.
Casting: Sandblast (safe; 1% risk of failure)
Confirm with . or Enter, or press ? or * to list all spells.
Aiming: Sandblast (safe; 1% risk of failure)
Press: ? - help, Shift-Dir - straight line, f/p - centaur
Aim: a centaur (moderately wounded)
You don't have any stones to cast with.
Really read
u - 2 scrolls labeled BURAUPT HYSAVEEF {!r}?
As you read the scroll labeled BURAUPT HYSAVEEF {!r}, it crumbles to dust.
You feel blessed for a moment.
It was a scroll of remove curse {!r}.
The centaur misses you.
Really read
i - 2 scrolls labeled CUVUYS RITYOSK {!r}?
As you read the scroll labeled CUVUYS RITYOSK {!r}, it crumbles to dust.
It is a scroll of identify.
q - a potion of resistance {!q} The centaur completely misses you.
The water moccasin bites you!
* * * LOW HITPOINT WARNING * * *
An iguana comes into view.
The centaur hits you.
* * * LOW HITPOINT WARNING * * *
Really quaff
b - 2 fuming golden potions {!q}?
It was a potion of mutation {!q}.
You feel extremely strange.
Your body decomposes!
You feel weakened.
Your body decomposes!
You feel clumsy.
Your body decomposes!
You feel dopey.
Your body decomposes!
You feel dopey. The water moccasin closely misses you.
A bullfrog skeleton comes into view.
The centaur barely misses you. The water moccasin bites you!
* * * LOW HITPOINT WARNING * * *
Really quaff
j - a bubbling black potion {!q}?
It was a potion of curing {!q}.
You feel better. The centaur completely misses you.
The water moccasin bites you!
* * * LOW HITPOINT WARNING * * *
The centaur hits you.
* * * LOW HITPOINT WARNING * * *
Really read
s - a scroll labeled IBUORU TINIE {!r}?
As you read the scroll labeled IBUORU TINIE {!r}, it crumbles to dust.
It is a scroll of enchant weapon.
Really abort (and waste the scroll)?
Your +2 hand axe of electrocution glows red for a moment.
The water moccasin closely misses you. The centaur misses you.
The bullfrog hits you but does no damage.
Really read
r - a scroll labeled SYTAPE VOMIR {!r}?
Blink to where?
Press: ? - help, Dir - move target cursor, p - centaur You are very lightly contaminated with residual magic.
As you read the scroll labeled SYTAPE VOMIR {!r}, it crumbles to dust.
It was a scroll of blinking {!r}.
Really read
l - a scroll labeled DIYTONK VURYT {!r}?
As you read the scroll labeled DIYTONK VURYT {!r}, it crumbles to dust.
You feel aware of your surroundings.
You sensed 1 altar, and 1 shop/portal.
It was a scroll of magic mapping {!r}.
The bullfrog skeleton hits you.
You die...

,,,,,,,,,,,,,,,,,* *,,* **,**
***********,**.#** **,** *,* *
*,*#..##******,,* *,** *
*,*#....,,,,,<,,* *,,, *
*,*#....,,,,,,,,* **** *
*,##.#.#******,,** * *,#....#
*,,,* * ******,#....# *,*,* *
*,,,...#...@#######,*,** *
*,**#......Z.......,*,,* *
*,*,......l....#..#.**,*
*,*,#.$....5S.......,,,*****
******,*,####.>.#.c♣.♣.♣,*,,,,,,,
,,,,,,>*,* #...#F....∩.,,,,*****
******,*,* #.?.#..♣.♣.♣,*,,,,,,,
*,,,,* ##..<)..∩.#.∩,,,*****
*,*,,* ####).♣.♣.♣,*,,*


You could see a water moccasin, a bullfrog, a centaur, an iguana, a shadow imp
and a bullfrog skeleton.

Vanquished Creatures
  Edmund (D:4)
  A sky beast (D:4)
  2 ogres
  Blork the orc (D:4)
  A crimson imp (D:5)
  A hound (D:4)
  A jelly (D:6)
  2 orc priests (D:5)
  2 orc wizards
  2 worker ants (D:4)
  4 adders
  An adder zombie (D:5)
  A dart slug (D:1)
  10 orcs
  2 giant cockroaches (D:1)
  A goblin (D:1)
  5 jackals
  2 kobolds (D:1)
  2 quokkas (D:5)
  2 bats (D:1)
  2 frilled lizards
  A jackal skeleton (D:6)
  A quokka skeleton (D:4)
  A rat (D:1)
49 creatures vanquished.

Notes
Turn   | Place    | Note
-------+----------+-------------------------------------------
     0 | D:1      | Amnesiac the Ghoul Earth Elementalist began the quest for
                  | the Orb.
     0 | D:1      | Reached XP level 1. HP: 14/14 MP: 2/2
   134 | D:1      | Reached XP level 2. HP: 12/20 MP: 0/4
   138 | D:1      | Learned a level 2 spell: Passwall
   421 | D:3      | Noticed an ogre
   422 | D:3      | Reached skill level 4 in Earth Magic
   422 | D:3      | Reached XP level 3. HP: 6/26 MP: 0/5
   666 | D:3      | Learned a level 3 spell: Stone Arrow
   674 | D:3      | Killed an ogre
   674 | D:3      | Reached skill level 5 in Earth Magic
   674 | D:3      | Reached XP level 4. HP: 33/33 MP: 0/7
   761 | D:4      | Found a shadowy altar of Dithmenos.
   800 | D:5      | Entered Level 5 of the Dungeon
   800 | D:5      | Noticed Edmund
   804 | D:5      | Reached XP level 5. HP: 26/37 MP: 2/8
  1007 | D:4      | Noticed a sky beast
  1126 | D:4      | Killed a sky beast
  1126 | D:4      | Reached skill level 6 in Earth Magic
  1153 | D:4      | Learned a level 4 spell: Petrify
  1270 | D:4      | Found a burning altar of Makhleb.
  1271 | D:4      | Found an ancient bone altar of Kikubaaqudgha.
  1271 | D:4      | Noticed a vampire mosquito
  1272 | D:4      | Found an ornate altar of the Wu Jian Council.
  1362 | D:4      | Reached XP level 6. HP: 35/44 MP: 4/9
  1440 | D:4      | Found a transporter.
  1446 | D:4      | Found a transporter.
  2330 | D:4      | Reached skill level 7 in Earth Magic
  2361 | D:5      | Found a runed gate.
  2361 | D:5      | Found a runed gate.
  2361 | D:5      | Found a runed gate.
  2364 | D:5      | Reached XP level 7. HP: 37/50 MP: 6/11
  2428 | D:5      | Found Ostuteng's Antique Armour Boutique.
  2444 | D:5      | Noticed MisterFreud's ghost (novice MiFi)
  2453 | D:5      | Found a shattered altar of Ashenzari.
  2507 | D:5      | Noticed Blork the orc
  2527 | D:4      | Killed Blork the orc
  2560 | D:4      | Killed Edmund
  2560 | D:4      | Reached skill level 8 in Earth Magic
  2886 | D:6      | Found Wuquc's Gadget Emporium.
  2989 | D:7      | Found Xituw's Gadget Emporium.
  2990 | D:7      | Found Quashrou's Assorted Antiques.
  2990 | D:7      | Found Neckella's Weapon Emporium.
  2995 | D:7      | HP: 1/50 [centaur (3)]
  2999 | D:7      | Slain by a bullfrog skeleton

Vault maps used:
D:1:      minmay_arrival_radiant_lines, minmay_tetromino_o4
D:2:      wad_woods_stonehenge, nicolae_overflow_hidden_temple
D:3:      chequers_ecumenical_altar_island
D:4:      gammafunk_temple_overflow_arena, first_ration,
          nicolae_dithmenos_the_darkroom
D:5:      gammafunk_ghost_icy, serial_shops, shop_fountains,
          cheibrodos_ashenzari_chains, uniq_blork_the_orc, uniq_edmund
D:6:      yredelemnul_altar_generic, lemuel_temple_firewalk_a, serial_shops,
          shop, amethyst_killhole
D:7:      vehumet_statue, minmay_shop_grid_forest

Skill      XL: |  1  2  3  4  5  6  7 |
---------------+----------------------+-----
Spellcasting   | 2 3 4 |  4.3
Earth Magic    | 4 5 6 7 8 |  8.2
Dodging        | |  1.7
Stealth        | |  2.1
Transmutations | |  0.8

Action                   |  1- 3 |  4- 6 |  7- 9 || total
-------------------------+-------+-------+-------++-------
Melee: Unarmed           |     8 |       |       ||     8
       Dagger            |    59 |     2 |       ||    61
       Hand axe          |       |    26 |    31 ||    57
 Cast: Sandblast         |    11 |    39 |     9 ||    59
       Passwall          |     1 |       |       ||     1
       Stone Arrow       |     1 |     3 |     1 ||     5
       Petrify           |       |       |     2 ||     2
  Use: Scroll            |       |       |     5 ||     5
       Potion            |       |       |     2 ||     2
 Stab: Sleeping          |     3 |       |       ||     3
       Petrified         |       |       |     9 ||     9
  Eat: Chunk             |     7 |    17 |    15 ||    39
Armor: Robe              |    16 |    14 |     7 ||    37
Dodge: Dodged            |    42 |    29 |    25 ||    96

Table legend:
 A = Non-vault XP
 B = Vault XP
 C = Vault XP percentage of total XP
 D = Non-vault monster count
 E = Vault monster count
 F = Vault count percentage of total count
                 A         B        C        D         E       F
            +---------+---------+-------+---------+---------+-------
      Total |     838 |     257 |  23.5 |      45 |       4 |   8.2
            +---------+---------+-------+---------+---------+-------
        D:1 |      19 |       3 |  13.6 |      10 |       2 |  16.7
        D:3 |     126 |       0 |   0.0 |       2 |       0 |   0.0
        D:4 |     464 |     254 |  35.4 |      20 |       2 |   9.1
        D:5 |     180 |       0 |   0.0 |       8 |       0 |   0.0
        D:6 |      49 |       0 |   0.0 |       5 |       0 |   0.0
            +---------+---------+-------+---------+---------+-------
